 Dungeon Crawl Stone Soup version 0.14.0-12-g87ee3b7 (webtiles) character file.

227 Leibowitz the Poker (level 5, 0/39 HPs)
             Began as a Merfolk Gladiator on Apr 16, 2014.
             Killed from afar by an orc wizard (2 damage)
             ... with a magic dart
             ... on Level 3 of the Dungeon.
             The game lasted 00:05:07 (1618 turns).

Leibowitz the Poker (Merfolk Gladiator)             Turns: 1618, Time: 00:05:08

HP   0/39        AC  5     Str 16      XL: 5   Next: 22%
MP   0/5         EV 20     Int  7      God:
Gold 88          SH  0     Dex 20      Spells:  0 memorised,  4 levels left

rFire  . . .     SeeInvis .     a - +1 trident
rCold  . . .     Clarity  .     b - +0 leather armour
rNeg   . . .     Conserve .     (no shield)
rPois  +         rCorr    .     c - +0 helmet
rElec  .         rRot     .     (no cloak)
SustAb . .       Spirit   .     (no gloves)
rMut   .         Warding  .     h - +0 pair of boots
Saprov . . .     Stasis   .     (no amulet)
MR     .....                    (no ring)
                                v - ring of poison resistance {unknown}

@: agile, not resistant to hostile enchantments, stealthy
A: change form in water, swift swim
a: no special abilities


You were on level 3 of the Dungeon.
You were hungry.

You visited 1 branch of the dungeon, and saw 3 of its levels.

You collected 88 gold pieces.

Inventory:

Hand weapons
 a - a +1,+1 trident (weapon)
 z - a +0,+0 trident
Missiles
 d - 3 throwing nets (quivered)
 o - 10 poisoned needles
Armour
 b - a +0 leather armour (worn)
 c - a +0 helmet (worn)
 h - a +0 pair of boots (worn)
Magical devices
 s - a wand of polymorph (0)
Comestibles
 f - 3 bread rations
 g - a pear
 l - a royal jelly
 w - a chunk of orc flesh
 x - a chunk of goblin flesh
 A - a chunk of adder flesh
Scrolls
 e - 2 scrolls of enchant armour {unknown}
 k - 4 scrolls of identify {unknown}
 m - a scroll of blinking {unknown}
 r - a scroll of magic mapping {unknown}
 t - a scroll of remove curse {unknown}
 u - a scroll of teleportation {unknown}
 y - a scroll of immolation {unknown}
Jewellery
 v - a ring of poison resistance (left hand) {unknown}
Potions
 i - a potion of restore abilities {unknown}
 j - a potion of mutation {unknown}
 n - a potion of agility
 p - 2 potions of confusion {unknown}
 q - a potion of heal wounds {unknown}


   Skills:
 + Level 2.7 Fighting
 + Level 5.9 Polearms
 + Level 2.2 Throwing
 + Level 1.1 Armour
 + Level 5.5 Dodging


You had 4 spell levels left.
You didn't know any spells.

Dungeon Overview and Level Annotations

Branches:
Dungeon (3/15)

Altars:
Cheibriados
Elyvilon
Nemelex Xobeh


Message History

The goblin hits you but does no damage.
The orc wizard gestures wildly while chanting.
The orc wizard blinks!
You closely miss the orc.
The orc is almost dead.
The orc barely misses you. The goblin closely misses you.
The orc completely misses you.
You barely miss the orc.
The orc is almost dead.
The orc hits you. The goblin hits you. The orc wizard hits you with a dagger.
* * * LOW HITPOINT WARNING * * *
The orc hits you with an anti-magic trident!
* * * LOW HITPOINT WARNING * * *
You feel your power leaking away.
Drink which item? (? for menu, Esc to quit)
You feel agile all of a sudden.
It was a potion of agility.
The orc wizard gestures at you while chanting.
The magic dart hits you!
You die...

. . .#). ....#
#.#.# #.#.#
#.#.# #.
#...#####.
#...##og.......
#..o@.........
#...###o#######
#. #.#
...#####.#
.........###
#..........#
#########.# #.#
#.# #.#


You could see an orc wizard, 2 orcs and a goblin.

Vanquished Creatures
  A big fish (D:2)
  Ijyb (D:3)
  4 adders
  A giant gecko (D:2)
  3 oozes
  7 orcs (D:3)
  3 giant cockroaches (D:1)
  9 goblins
  4 hobgoblins
  2 jackals (D:2)
  4 kobolds
  2 ball pythons (D:1)
  4 giant newts (D:1)
  3 rats
48 creatures vanquished.

Notes
Turn   | Place    | Note
--------------------------------------------------------------
     0 | D:1      | Leibowitz, the Merfolk Gladiator, began the quest for the Orb.
     0 | D:1      | Reached XP level 1. HP: 16/16 MP: 1/1
   112 | D:1      | Reached XP level 2. HP: 15/22 MP: 2/2
   220 | D:1      | Reached skill level 5 in Polearms
   661 | D:1      | Reached XP level 3. HP: 27/27 MP: 3/3
   859 | D:2      | Found a sparkling altar of Nemelex Xobeh.
   966 | D:2      | Found a white marble altar of Elyvilon.
   998 | D:2      | Reached skill level 5 in Dodging
   998 | D:2      | Reached XP level 4. HP: 18/34 MP: 4/4
  1328 | D:2      | Found a snail-covered altar of Cheibriados.
  1422 | D:3      | Noticed Ijyb
  1445 | D:3      | Killed Ijyb
  1445 | D:3      | Reached skill level 1 in Armour
  1445 | D:3      | Reached XP level 5. HP: 35/39 MP: 5/5
  1517 | D:3      | Found a sparkling altar of Nemelex Xobeh.
  1618 | D:3      | Killed from afar by an orc wizard

Action                   |  1- 3 |  4- 6 || total
-------------------------+-------+-------++-------
Melee: Trident           |   124 |    97 ||   221
  Use: Potion            |       |     1 ||     1
 Stab: Sleeping          |       |     1 ||     1
